Map: [ESL] Goldenaura

Players

ShoWTimE

  • Race: Protoss Protoss
  • Spawn Location: 5:00

MaxPax - Winner!

  • Race: Protoss Protoss
  • Spawn Location: 12:00

Event: ESL SC2 Masters 2023 Winter (Regional)

VOD

Have the link to the VOD?

Description

Time

  • Played on: Nov. 12, 2023, 12:53 p.m.
  • Length: 9:47

All games in this series

Show
View Real Time Build Order
Export as new Build Order

ShoWTimE Protoss 

Build Orders: Oracle Opening, Phoenix Opening, Mass Phoenix 

Get SALT Encoding   

  12  0:00  Probe  
  13  0:12  Probe  
  14  0:17  Pylon  
  14  0:24  Probe (Chrono Boost)  
  15  0:36  Probe (Chrono Boost)  
  15  0:38  Gateway  
  16  0:44  Probe (Chrono Boost)  
  16  0:46  Assimilator  
  17  0:51  Probe  
  18  1:03  Probe  
  19  1:15  Assimilator, Probe (Chrono Boost)  
  19  1:16  Pylon  
  20  1:24  Probe (Chrono Boost)  
  20  1:25  Cybernetics Core  
  21  1:29  Probe  
  22  1:34  Zealot  
  24  1:41  Probe  
  24  1:44  Assimilator  
  25  1:53  Probe  
  26  2:02  Stargate  
  26  2:03  Adept  
  28  2:29  Nexus  
  28  2:36  Pylon  
  28  2:43  Oracle (Chrono Boost)  
  30  2:52  Shield Battery  
  30  2:55  Probe  
  31  3:07  Probe  
  30  3:16  Phoenix (Chrono Boost)  
  30  3:19  Probe  
  33  3:32  Assimilator, Probe (Chrono Boost)  
  34  3:36  Phoenix  
  34  3:41  Probe (Chrono Boost)  
  36  3:50  Probe (Chrono Boost)  
  36  3:51  Probe (Chrono Boost)  
  37  3:56  Probe x2 (Chrono Boost)  
  37  4:01  Phoenix  
  41  4:06  Stargate  
  41  4:07  Probe  
  41  4:08  Probe  
  43  4:18  Shield Battery  
  43  4:19  Probe  
  43  4:20  Probe  
  43  4:21  Assimilator  
  45  4:28  Phoenix (Chrono Boost)  
  47  4:32  Pylon, Probe x2  
  49  4:44  Probe x2  
  51  4:51  Phoenix (Chrono Boost)  
  53  4:56  Probe x2  
  53  4:57  Phoenix (Chrono Boost)  
  53  4:59  Pylon  
  57  5:08  Phoenix, Probe  
  57  5:13  Probe  
  61  5:18  Pylon  
  61  5:19  Phoenix  
  61  5:20  Probe  
  64  5:31  Fleet Beacon  
  64  5:35  Phoenix (Chrono Boost)  
  66  5:44  Phoenix (Chrono Boost)  
  68  5:53  Nexus  
  68  5:55  Probe  
  69  5:59  Phoenix (Chrono Boost)  
  69  6:03  Phoenix  
  71  6:08  Pylon  
  71  6:10  Anion Pulse-Crystals (Chrono Boost)  
  73  6:12  Probe x2  
  75  6:24  Probe x2  
  77  6:28  Assimilator, Phoenix  
  77  6:30  Assimilator  
  79  6:34  Phoenix  
  82  6:40  Probe  
  82  6:41  Pylon, Probe  
  83  6:52  Probe  
  83  6:53  Probe  
  83  6:54  Pylon  
  85  6:59  Phoenix (Chrono Boost)  
  85  7:00  Phoenix (Chrono Boost)  
  89  7:04  Stargate  
  89  7:05  Zealot, Probe  
  92  7:14  Probe  
  92  7:15  Probe  
  94  7:17  Probe  
  94  7:21  Phoenix x2 (Chrono Boost)  
  99  7:27  Probe x2  
  102  7:30  Probe  
  102  7:35  Pylon  
  102  7:39  Phoenix (Chrono Boost), Probe x2  
  108  7:47  Phoenix (Chrono Boost)  
  108  7:56  Phoenix x2 (Chrono Boost)  
  106  8:05  Nexus, Phoenix (Chrono Boost)  
  106  8:09  Probe  
  106  8:10  Assimilator  
  109  8:15  Assimilator  
  109  8:19  Phoenix (Chrono Boost)  
  103  8:25  Probe, Phoenix (Chrono Boost)  
  103  8:26  Probe x2  
  106  8:33  Stargate, Phoenix (Chrono Boost)  
  108  8:38  Probe x2  
  108  8:40  Phoenix x2 (Chrono Boost)  
  108  8:46  Phoenix (Chrono Boost)  
  94  8:59  Phoenix (Chrono Boost)  
  93  9:04  Phoenix (Chrono Boost)  
  85  9:15  Probe x2  
  85  9:16  Probe x2  
  91  9:21  Phoenix (Chrono Boost)  
  95  9:26  Phoenix x2 (Chrono Boost)  
  95  9:27  Probe  
Show
View Real Time Build Order
Export as new Build Order

MaxPax Protoss - Winner!

Build Orders: 1 Gate Expand, Phoenix Opening, Mass Phoenix 

Get SALT Encoding   

  12  0:00  Probe  
  13  0:12  Probe  
  14  0:19  Pylon  
  14  0:24  Probe  
  15  0:37  Probe (Chrono Boost)  
  15  0:38  Gateway  
  16  0:46  Assimilator, Probe (Chrono Boost)  
  17  0:51  Probe  
  18  1:03  Probe  
  19  1:15  Probe  
  20  1:25  Cybernetics Core  
  20  1:33  Nexus  
  20  1:36  Probe  
  21  1:44  Pylon  
  21  1:49  Probe  
  22  2:00  Adept (Chrono Boost)  
  22  2:01  Probe  
  25  2:13  Probe  
  26  2:20  Stargate  
  26  2:23  Assimilator  
  26  2:25  Adept (Chrono Boost), Probe  
  29  2:37  Probe  
  30  2:45  Probe  
  30  2:46  Pylon  
  30  2:49  Probe  
  32  2:57  Shield Battery, Probe  
  33  3:01  Probe  
  33  3:04  Adept  
  36  3:09  Probe  
  36  3:11  Assimilator  
  35  3:13  Probe  
  35  3:15  Phoenix (Chrono Boost), Pylon  
  36  3:21  Probe  
  36  3:25  Probe  
  38  3:29  Pylon  
  38  3:33  Probe  
  39  3:34  Shield Battery  
  39  3:37  Phoenix (Chrono Boost)  
  39  3:41  Probe  
  42  3:46  Probe  
  43  3:53  Phoenix (Chrono Boost), Probe  
  46  3:58  Probe  
  47  4:05  Probe  
  48  4:10  Probe  
  48  4:12  Zealot, Stargate  
  49  4:17  Probe  
  49  4:18  Phoenix (Chrono Boost)  
  49  4:22  Probe  
  53  4:24  Pylon  
  53  4:29  Probe  
  54  4:34  Probe, Phoenix (Chrono Boost)  
  57  4:41  Probe  
  58  4:46  Probe  
  59  4:53  Nexus  
  59  4:58  Phoenix (Chrono Boost)  
  63  5:03  Assimilator  
  63  5:05  Phoenix (Chrono Boost)  
  63  5:08  Probe x2  
  63  5:11  Pylon  
  65  5:16  Pylon  
  65  5:17  Phoenix (Chrono Boost)  
  67  5:23  Probe, Pylon  
  67  5:26  Probe  
  70  5:31  Phoenix (Chrono Boost)  
  70  5:35  Assimilator, Probe  
  71  5:43  Fleet Beacon, Probe  
  71  5:44  Shield Battery  
  71  5:48  Phoenix (Chrono Boost)  
  71  5:49  Probe  
  71  5:55  Probe  
  71  5:56  Assimilator  
  74  6:01  Phoenix (Chrono Boost)  
  74  6:02  Probe  
  77  6:06  Probe  
  77  6:07  Probe  
  77  6:11  Phoenix (Chrono Boost)  
  79  6:14  Probe  
  79  6:18  Probe, Pylon  
  83  6:21  Phoenix (Chrono Boost)  
  83  6:23  Probe  
  83  6:25  Anion Pulse-Crystals (Chrono Boost)  
  86  6:27  Pylon  
  86  6:30  Probe  
  86  6:32  Probe  
  88  6:34  Phoenix  
  88  6:36  Probe  
  91  6:42  Probe  
  91  6:44  Pylon  
  91  6:46  Probe  
  95  6:48  Phoenix (Chrono Boost)  
  95  6:50  Probe  
  95  6:51  Stargate  
  95  6:56  Probe  
  95  6:58  Probe  
  95  6:59  Phoenix (Chrono Boost)  
  95  7:00  Pylon  
  99  7:04  Probe  
  99  7:08  Probe  
  101  7:10  Stargate  
  101  7:15  Probe  
  103  7:16  Phoenix (Chrono Boost)  
  103  7:19  Pylon  
  103  7:20  Phoenix (Chrono Boost)  
  105  7:24  Probe  
  105  7:29  Nexus  
  106  7:34  Phoenix (Chrono Boost)  
  108  7:39  Phoenix  
  108  7:40  Phoenix (Chrono Boost)  
  111  7:44  Probe  
  111  7:46  Assimilator  
  111  7:48  Assimilator  
  112  7:54  Phoenix (Chrono Boost)  
  110  8:04  Probe x3, Phoenix (Chrono Boost)  
  115  8:06  Phoenix (Chrono Boost)  
  117  8:15  Phoenix (Chrono Boost)  
  117  8:16  Phoenix (Chrono Boost), Probe  
  110  8:20  Probe x2  
  110  8:21  Phoenix (Chrono Boost)  
  110  8:22  Phoenix (Chrono Boost)  
  110  8:24  Pylon  
  116  8:28  Probe  
  116  8:29  Robotics Facility  
  116  8:31  Pylon  
  116  8:32  Phoenix, Probe x2  
  121  8:36  Phoenix  
  121  8:38  Pylon  
  121  8:40  Probe  
  120  8:44  Probe x3  
  120  8:45  Phoenix (Chrono Boost)  
  117  8:49  Phoenix (Chrono Boost)  
  117  8:52  Pylon  
  113  8:56  Probe  
  113  9:01  Phoenix (Chrono Boost)  
  112  9:04  Phoenix (Chrono Boost)  
  112  9:08  Phoenix (Chrono Boost)  
  102  9:11  Phoenix (Chrono Boost)  
  102  9:13  Probe x2  
  102  9:19  Phoenix (Chrono Boost)  
  102  9:22  Nexus, Probe  
  102  9:23  Pylon  
  107  9:27  Pylon  
  107  9:28  Probe  
  110  9:35  Probe  
Tags
 
Add a new tag
Caveats
  • Supply blocks, unpowered buildings, or Contaminate may cause inaccurate times.
  • Supply counts are checked every 10 seconds.